 Dungeon Crawl Stone Soup version 0.17.1-3-g152610e (webtiles) character file.

208 MrTails the Chopper (level 5, -5/63 HPs)
             Began as a Demonspawn Berserker on Feb 23, 2016.
             Was a Believer of Trog.
             Slain by kaze's ghost (14 damage)
             ... on level 3 of the Dungeon.
             The game lasted 00:02:25 (2018 turns).

MrTails the Chopper (Demonspawn Berserker)          Turns: 2018, Time: 00:02:30

Health: -5/63      AC:  6    Str: 24    XL:     5   Next: 55%
Magic:  5/5        EV: 10    Int:  8    God:    Trog [**....]
Gold:   101        SH:  0    Dex: 12    Spells: 0 memorised, 4 levels left

rFire  . . .     SeeInvis .     a - +0 hand axe
rCold  . . .     Clarity  .     h - +0 scale mail
rNeg   . . .     SustAt   .     (no shield)
rPois  .         Gourm    .     (no helmet)
rElec  .         Spirit   .     (no cloak)
rCorr  .         Warding  .     (no gloves)
rMut   .         Stasis   .     (no boots)
MR     .....                    (no amulet)
Stlth  ..........               (no ring)
                                (no ring)

@: berserking, very quick, not resistant to hostile enchantments, extremely
unstealthy
A: claws 1, powered by pain 1
a: Berserk, Trog's Hand, Burn Spellbooks, Renounce Religion


You were on level 3 of the Dungeon.
You worshipped Trog.
Trog was pleased with you.
You were hungry.

You visited 1 branch of the dungeon, and saw 3 of its levels.

You collected 101 gold pieces.

Inventory:

Hand Weapons
 a - a +0 hand axe (weapon)
Armour
 b - a +0 animal skin
 h - a +0 scale mail (worn)
Scrolls
 g - 2 scrolls of enchant weapon {unknown}
 j - 2 scrolls of teleportation {unknown}
 l - a scroll of noise {unknown}
 n - 2 scrolls of identify {unknown}
Potions
 d - 2 potions of curing {unknown}
 e - a potion of degeneration {unknown}
 f - a potion of heal wounds {unknown}
 i - a potion of might {unknown}
 k - 2 potions of agility {unknown}
 m - a potion of invisibility {unknown}
 o - a potion of resistance {unknown}
Comestibles
 c - 2 bread rations


   Skills:
 + Level 4.2 Fighting
 * Level 4.3 Axes
 + Level 2.9 Armour
 - Level 2.0 Dodging


You had 4 spell levels left.
You didn't know any spells.

Dungeon Overview and Level Annotations

Branches:
Dungeon (3/15)

Altars:
Trog
Xom

Annotations:
D:3 kaze's ghost, amateur TrBe


Innate Abilities, Weirdness & Mutations

You have sharp fingernails.
You sometimes gain a little power by taking damage.


Message History

* * * LOW HITPOINT WARNING * * *
A red film seems to cover your vision as you go berserk!
You feel yourself moving faster!
You feel mighty!
You feel somewhat more hungry.
The giant gecko bites you but does no damage.
Kaze's ghost hits you.
* * * LOW HITPOINT WARNING * * *
You closely miss kaze's ghost.
Kaze's ghost is lightly damaged.
You closely miss the giant gecko.
The giant gecko is heavily wounded.
The giant gecko closely misses you.
Unknown command.
You completely miss kaze's ghost.
Kaze's ghost is lightly damaged.
You hit the giant gecko.
You kill the giant gecko!
Trog accepts your kill. Kaze's ghost hits you!
You die...

#.# .. #.#...... ...
#.#.....##.
...#########.##......
..#.........##..?.#
#...##.###.##....#
###...##.# #.##....#
. ..+...[..#
#.##>...#....
.##...##.#
#....@W....._
.##...##.#
######..#$...
.##...##.# ..# .
.##...##.# ..#
......#### ..#
......### #..
#......... ...
#......... .##
#.........#


You could see kaze's ghost.

Vanquished Creatures
  Sigmund (D:2)
  An adder (D:2)
  2 worms (D:2)
  A giant gecko (D:3)
  5 bats
  2 giant cockroaches
  5 goblins
  7 hobgoblins
  2 ball pythons (D:1)
  2 giant newts (D:1)
  6 kobolds
  2 rats (D:2)
36 creatures vanquished.

Notes
Turn   | Place    | Note
--------------------------------------------------------------
     0 | D:1      | MrTails the Demonspawn Berserker began the quest for the Orb.
     0 | D:1      | Reached XP level 1. HP: 18/18 MP: 1/1
   601 | D:1      | Gained mutation: You sometimes gain a little power by taking damage. [demonic ancestry]
   601 | D:1      | Reached XP level 2. HP: 24/24 MP: 2/2
  1123 | D:2      | Gained mutation: You have sharp fingernails. [demonic ancestry]
  1123 | D:2      | Reached XP level 3. HP: 10/29 MP: 3/3
  1423 | D:2      | Reached ** piety under Trog
  1510 | D:2      | Found a bloodstained altar of Trog.
  1649 | D:2      | Noticed Sigmund
  1660 | D:2      | Killed Sigmund
  1660 | D:2      | Reached skill level 4 in Fighting
  1660 | D:2      | Reached XP level 4. HP: 37/37 MP: 4/4
  1660 | D:2      | Reached XP level 5. HP: 42/42 MP: 5/5
  2010 | D:3      | Found a shimmering altar of Xom.
  2010 | D:3      | Noticed kaze's ghost (amateur TrBe)
  2018 | D:3      | Slain by kaze's ghost

Action                   |  1- 3 |  4- 6 || total
-------------------------+-------+-------++-------
Melee: Hand axe          |   113 |    28 ||   141
Invok: Berserk           |     2 |     1 ||     3
  Eat: Chunk             |     3 |     2 ||     5
